Description

TurnX (All in Zealot + changer, 2 imotal)

VOD

https://www.youtube.com/watch?v=1pOKGu-XbQk

Replay - All in Zealot + changer, 2 imotal

Build Order

Get SALT Encoding   

  12  0:01  Probe (Chrono Boost)  
  13  0:11  Probe (Chrono Boost)  
  14  0:19  Pylon  
  14  0:22  Probe (Chrono Boost)  
  15  0:37  Probe (Chrono Boost)  
  15  0:38  Gateway  
  16  0:43  Assimilator  
  16  0:48  Probe (Chrono Boost)  
  17  0:58  Probe (Chrono Boost)  
  18  1:13  Probe (Chrono Boost)  
  19  1:30  Nexus  
  19  1:38  Cybernetics Core  
  19  1:39  Probe (Chrono Boost)  
  20  1:47  Assimilator  
  20  1:50  Probe (Chrono Boost)  
  21  1:57  Pylon  
  21  2:00  Probe (Chrono Boost)  
  22  2:15  Warp Gate  
  23  2:16  Adept  
  26  2:33  Robotics Facility  
  29  2:53  Mothership Core (Chrono Boost)  
  32  3:08  Gateway  
  32  3:12  Twilight Council  
  34  3:26  Immortal  
  40  3:38  Zealot  
  44  3:49  Charge  
  44  3:50  Gateway  
  44  3:53  Pylon  
  48  4:18  Immortal  
  53  4:34  Gateway x2  
  54  4:41  Pylon  
  54  4:48  Gateway x2  
  54  4:49  Pylon  
  54  4:59  Warp Prism  
  58  5:09  Zealot x2  
  62  5:17  Gateway  
  60  5:21  Zealot  
  62  5:36  Zealot x4  
  70  5:47  Zealot x2  
  76  5:56  Observer  
  87  6:35  Stalker x6  
Spawning Tool Build Advisor. Get it on Overwolf

Go to:

Details

  • Created by: sc2vn   
  • Published on: Feb 13, 2017
  • Modified on: Feb 13, 2017
  • Patch: 3.8.0
Show
View Real Time Build Order
Export as new Build Order

Comments (0)

There are no comments. Be the first!

Create an account to comment!